 Dungeon Crawl Stone Soup version 0.17-a0-1115-g0372368 (webtiles) character file.

48 Hanyuu the Insei (level 3, -2/24 HPs)
             Began as an Octopode Transmuter on May 24, 2015.
             Slain by an adder (4 damage)
             ... on level 2 of the Dungeon.
             The game lasted 00:03:16 (1571 turns).

Hanyuu the Insei (Octopode Transmuter)              Turns: 1571, Time: 00:03:16

Health: -2/24      AC:  1    Str:  9    XL:     3   Next: 72%
Magic:  6/6        EV: 12    Int: 16    God:
Gold:   130        SH:  0    Dex: 12    Spells: 3 memorised, 0 levels left

rFire  . . .     SeeInvis .       - Unarmed
rCold  . . .     Clarity  .     (no shield)
rNeg   . . .     SustAt   .     (helmet restricted)
rPois  +         Gourm    .     (no amulet)
rElec  .         Spirit   .     h - ring of flight
rCorr  .         Warding  .     o - ring of poison resistance
rMut   .         Stasis   .     (no ring)
MR     .....                    (no ring)
Stlth  ++........               (no ring)
                                (no ring)
                                (no ring)
                                (no ring)

@: lethally poisoned (-2 -> -4), not resistant to hostile enchantments,
unstealthy
A: almost no armour, amphibious, 8 rings, constrict 8, camouflage 1, gelatinous
body 1
a: Evoke Flight


You were on level 2 of the Dungeon.
You were not hungry.

You visited 1 branch of the dungeon, and saw 3 of its levels.

You collected 130 gold pieces.

Inventory:

Missiles
 a - 31 arrows
Jewellery
 h - a ring of flight (left tentacle)
 o - a ring of poison resistance (right tentacle)
Scrolls
 f - 2 scrolls of teleportation {unknown}
 i - 6 scrolls of identify {unknown}
 k - a scroll of fog {unknown}
 l - a scroll of random uselessness {unknown}
Potions
 d - a potion of resistance {unknown}
 e - 3 potions of curing {unknown}
 g - a potion of agility {unknown}
 j - a potion of mutation {unknown}
Books
 b - a book of Changes

   Spells                             Type                      Level
   a - Beastly Appendage              Transmutation                1
   b - Sticks to Snakes               Transmutation                2
   c - Spider Form                    Transmutation/Poison         3
   d - Ice Form                       Ice/Transmutation            4
   e - Blade Hands                    Transmutation                5
Comestibles
 c - 3 bread rations
 m - a beef jerky
 n - 2 meat rations
 p - a royal jelly


   Skills:
 + Level 1.9 Fighting
 - Level 2.0 Dodging
 * Level 4.2 Unarmed Combat
 - Level 2.0 Spellcasting
 - Level 2.0 Transmutations


You couldn't memorise any spells.
You knew the following spells:

 Your Spells              Type           Power        Failure   Level  Hunger
a - Beastly Appendage     Trmt           #.....       10%         1    #......
b - Sticks to Snakes      Trmt           #.........   14%         2    ###....
c - Spider Form           Trmt/Pois      #.........   38%         3    ###....


Dungeon Overview and Level Annotations

Branches:
Dungeon (3/15)

Altars:
Xom


Innate Abilities, Weirdness & Mutations

You cannot wear most types of armour.
You are amphibious.
You can wear up to eight rings at the same time.
You can use your tentacles to constrict eight enemies at once.
Your skin changes colour to match your surroundings (Stealth).
Your rubbery body absorbs attacks (AC +1).


Message History

There is a stone staircase leading up here.
The water moccasin hisses angrily.
The kobold throws a stone.
The stone misses you. The adder bites you.
You are poisoned.
The adder poisons you! The water moccasin closely misses you.
You climb upwards.
You feel sick.
There is a stone staircase leading down here.
You miss the adder. Your grab misses the adder. Your squeeze misses the adder.
The adder bites you. The water moccasin misses you. The adder bites you.
You closely miss the adder. You grab the adder. You constrict the adder.
The water moccasin misses you. The adder misses you.
The water moccasin bites you!
* * * LOW HITPOINT WARNING * * *
You tentacle-slap the adder.
The adder is lightly wounded.
You constrict the adder.
* * * LOW HITPOINT WARNING * * *
You feel sick. The adder bites you.
You die...

.........##.#########
###.#..#.##.#
###.#..#.##.#
.......#.##.#
###.#..#.##.###
#...........#
###....##.#.#
######.#.##.#.####
................@#
######.#.##.#.#SS#
............#.#..#
.........##.#.#..#
######.#.##.#.#..######
#.....................#
#.####.#.##.#.#..####.#
#.# #.#.##.#.#..####.#
#.# #.#......#.......#


You could see a water moccasin and an adder.

Vanquished Creatures
  A gnoll (D:1)
  An ooze (D:1)
  A giant gecko (D:1)
  3 giant cockroaches
  A goblin (D:1)
  5 hobgoblins
  3 jackals (D:2)
  7 bats
  A giant newt (D:1)
  2 kobolds
  6 rats
31 creatures vanquished.

Notes
Turn   | Place    | Note
--------------------------------------------------------------
     0 | D:1      | Hanyuu the Octopode Transmuter began the quest for the Orb.
     0 | D:1      | Reached XP level 1. HP: 13/13 MP: 3/3
    17 | D:1      | Reached XP level 2. HP: 18/18 MP: 5/5
   558 | D:1      | Reached XP level 3. HP: 19/23 MP: 6/6
   562 | D:1      | Learned a level 2 spell: Sticks to Snakes
   566 | D:1      | Learned a level 3 spell: Spider Form
   693 | D:1      | Reached skill level 4 in Unarmed Combat
  1098 | D:2      | Found a shimmering altar of Xom.
  1561 | D:3      | Noticed a water moccasin
  1571 | D:2      | Slain by an adder

Vault maps used:
D:1:      tarquinn_simple_flora_water_c, lemuel_old_faithful
D:2:      first_bread, xom_teletrap_fun
D:3:      st_stairs_1, uniq_sigmund, uniq_jessica

Action                   || total
-------------------------++-------
Melee: Unarmed           ||    74
 Cast: Beastly Appendage ||     2
 Stab: Sleeping          ||     1
  Eat: Chunk             ||     2
